Cogmind - Beta 17.1 *** ADVENTURER MODE // 2026.09.07 @ 10:04:23 Player: Skrub Result: Destroyed by GD-N42(R) with Subdweller Beam Cannon Performance ------------- Evolutions (0) 0 Regions Visited (2) 400 Robots Destroyed (15) 75 Value Destroyed (296) 296 Prototype IDs (0) 0 Alien Tech Used (0) 0 Bonus (0) 0 TOTAL SCORE: 771 Bonus ------- None Cogmind --------- Core Integrity 0/250 Matter 282/300 Energy 99/100 System Corruption 0% Temperature Cool (15) Movement Rolling (110) Location -10/Subcaves Parts ------- > --- POWER (1) -------- (None) > --- PROPULSION (2) --- Subdweller Monowheel > --- UTILITY (2) ------ Small Storage Unit Sensor Array > --- WEAPON (2) ------- Light Assault Rifle > --- INVENTORY (8) ---- Aluminum Leg Grenade Launcher Grenade Launcher Peak State ------------ > --- POWER ------------ Subdweller Power Source > --- PROPULSION ------- Subdweller Monowheel Subdweller Monowheel > --- UTILITY ---------- Small Storage Unit Sensor Array > --- WEAPON ----------- Medium Laser Subdweller Machine Gun > --- INVENTORY -------- Aluminum Leg Light Assault Rifle Grenade Launcher Grenade Launcher Flamer [Rating: 11] Favorites ----------- Power Ion Engine Engine Ion Engine Propulsion Aluminum Leg Leg Aluminum Leg Wheel Subdweller Monowheel Utility Small Storage Unit Device Sensor Array Storage Small Storage Unit Weapon Medium Laser Energy Gun Medium Laser Ballistic Gun Light Assault Rifle Special Weapon Flamer Build | -11 -10 -10 ------- Run | Yrd Mat Sub Slots Evolved . | . . . Power . | . . . Propulsion . | . . . Utility . | . . . Weapon . | . . . Parts Attached 13 | 6 1 6 Power 2 | 1 . 1 Engine 2 | 1 . 1 Core . | . . . Reactor . | . . . Propulsion 4 | 2 . 2 Treads . | . . . Leg 2 | 2 . . Wheel 2 | . . 2 Hover . | . . . Flight . | . . . Utility 2 | 1 1 . Device 1 | . 1 . Storage 1 | 1 . . Processor . | . . . Hackware . | . . . Protection . | . . . Artifact . | . . . Weapon 5 | 2 . 3 Energy Gun 1 | 1 . . Energy Cannon . | . . . Ballistic Gun 3 | 1 . 2 Ballistic Cannon . | . . . Launcher . | . . . Special Weapon 1 | . . 1 Impact Weapon . | . . . Slashing Weapon . | . . . Piercing Weapon . | . . . Special Melee Weapon . | . . . Unidentified Prototypes . | . . . Parts Lost 7 | . . 7 Power 2 | . . 2 Propulsion 1 | . . 1 Utility . | . . . Weapon 4 | . . 4 Highest Loss Streak 4 | . . 4 To Critical Strikes . | . . . Average Backups 3 | . 2 4 Power . | . . . Propulsion . | . . . Utility . | . . . Weapon 3 | . 2 4 Tool/Special . | . . . Unused Backups 2 | . . 2 Power . | . . . Propulsion . | . . . Utility . | . . . Weapon 2 | . . 2 Tool/Special . | . . . Average Slot Usage (%) 97 | . 99 97 Engine 13 | . 14 13 Leg 22 | . 28 20 Wheel 4 | . . 5 Device 13 | . 13 14 Storage 14 | . 14 14 Energy Gun 13 | . 14 13 Ballistic Gun 14 | . 14 14 Peak Build Rating 11 | 6 7 11 Average Rating 7 | 5 6 7 On Entrance 4 | . 6 7 Avg Prop Armor Cover (%) . | . . . Naked Turns . | . . . Heaviest Build 17 | 13 14 17 Greatest Support 40 | 20 20 40 Greatest Overweight (x) 3 | 3 . 1 Average Overweight (x) . | . . . Largest Inventory Capacity 8 | 8 8 8 Average Capacity 7 | 7 8 8 Most Carried 5 | 1 3 5 Average Carried 3 | . 2 4 Final Capacity 8 | 8 8 8 Final Carried 3 | 1 3 3 Class Distribution -------------------- 88% | Mutant 11% | Scavenger-Mutant Dominant Class ---------------- Mutant | -10/Materials Mutant | -10/Subcaves Resources | -11 -10 -10 ----------- Run | Yrd Mat Sub Matter Collected 340 | 268 19 53 Remotely . | . . . Salvage Created 445 | 73 88 284 Parts 33 | 1 12 20 Haulers Intercepted . | . . . Recyclers Shooed 1 | 1 . . Parts Field Recycled . | . . . Retrieved Matter . | . . . Parts Self-Destructed 9 | . . 9 Prevented . | . . . Parts Restored . | . . . Kills | -11 -10 -10 ------- Run | Yrd Mat Sub Combat Hostiles Destroyed 14 | . 5 9 Guns 14 | . 5 9 Classes Destroyed 3 | 1 1 1 Recycler 1 | 1 . . Swarmer 9 | . 5 4 Subdweller 5 | . . 5 Best Kill Streak 5 | 1 5 4 Combat Bots Only 5 | . 5 4 Max Kills in Single Turn 2 | 1 1 2 Gunslinging 1 | . . 1 Exploded . | . . . Melee . | . . . Uniques/NPCs Destroyed . | . . . Combat | -11 -10 -10 -------- Run | Yrd Mat Sub Hostile Shots Fired 84 | . 20 64 Missed 18 | . 6 12 Hits 66 | . 14 52 Projectile 66 | . 14 52 Critical Strikes 2 | . . 2 Damage Taken 933 | . 126 807 Core 268 | . 55 213 Absorbed by Shields . | . . . Ignored by Resistances 269 | . 40 229 Core Remaining (%) 100 | 100 . . Volleys Fired 47 | 8 9 30 Largest 2 | 2 2 2 Hottest 130 | 70 70 130 Shots Fired 88 | 16 18 54 Gun 87 | 16 18 53 Cannon . | . . . Launcher . | . . . Special 1 | . . 1 Kinetic 48 | 8 9 31 Thermal 40 | 8 9 23 Explosive . | . . . Electromagnetic . | . . . Robot Hit Streak 23 | 5 4 23 Robot Miss Streak 5 | 1 5 3 Penetration Max . | . . . Secondary Targets 2 | . . 2 Max Gunslinging Chain 1 | . . 1 Shots Hit Robots 67 | 12 8 47 Core Hits 26 | 2 5 19 Critical Kills . | . . . Critical Parts Destroyed . | . . . Critical Strikes 6 | . 1 5 Burn 6 | . 1 5 Melee Attacks . | . . . Impact . | . . . Slashing . | . . . Piercing . | . . . Sneak Attacks . | . . . Combat Hostiles . | . . . Follow-up Attacks . | . . . Damage Inflicted 793 | 123 90 580 Guns 783 | 123 90 570 Cannons . | . . . Explosions . | . . . Melee . | . . . Ramming . | . . . Kinetic 396 | 59 27 310 Thermal 397 | 64 63 270 Explosive . | . . . Electromagnetic . | . . . Impact . | . . . Slashing . | . . . Piercing . | . . . Highest Corruption . | . . . Average Corruption . | . . . Corruption Purged . | . . . Corruption Blocked . | . . . Overload Shots . | . . . Overflow Damage . | . . . Projectiles . | . . . Explosions . | . . . Melee . | . . . Knockbacks . | . . . Impact . | . . . Kinetic . | . . . Secondary . | . . . Self-Inflicted Damage . | . . . Shots . | . . . Rammed . | . . . Targets Rammed . | . . . Kicked . | . . . Crushed . | . . . Highest Temperature 100 | 62 100 7 Average Temperature 37 | 30 45 4 Received Heat Transfer 147 | . . 147 Siege Activations . | . . . Martial Activations . | . . . Shielding Activations . | . . . Robots Disrupted . | . . . Combat Hostiles . | . . . Robots Corrupted . | . . . Combat Hostiles . | . . . Parts Fried . | . . . Impact Corruptions . | . . . Robots Melted . | . . . Combat Hostiles . | . . . Parts Melted 1 | . . 1 Heat Transferred 1671 | 185 259 1227 Parts Sabotaged . | . . . Parts Stolen . | . . . Parts Stripped . | . . . Power Chain Reactions . | . . . Alert | -11 -10 -10 ------- Run | Yrd Mat Sub Maximum Alert Level . | . . . Low Security (%) 100 | 100 100 . Level 1 . | . . . Level 2 . | . . . Level 3 . | . . . Level 4 . | . . . Level 5 . | . . . High Security . | . . . Max Security . | . . . Peak Influence 115 | 5 115 . Initial 2 | . 2 . Average 20 | . 28 . Influence Increases 258 | 5 128 125 Destroy 0b10 Robot/C 180 | . 100 80 Destroy 0b10 Robot/NC 5 | 5 . . Destroy Leader 10 | . 10 . Successful Hack 3 | . 3 . Lose Combat Pursuer 60 | . 15 45 Influence Decreases 258 | . 48 210 Entered New Map 50 | . 3 47 Time Decay 208 | . 45 163 Squads Dispatched . | . . . Investigation . | . . . Extermination . | . . . Reinforcement . | . . . Assault . | . . . Garrison . | . . . Intercept . | . . . Searches Triggered . | . . . Construction Impeded . | . . . Haulers Reinforced . | . . . Active Scanning Responses . | . . . Cargo Convoy Interrupts . | . . . Stealth | -11 -10 -10 --------- Run | Yrd Mat Sub Distress Signals 1 | . 1 . Communications Jammed . | . . . Distress Signals . | . . . Times Spotted 19 | . 7 12 Peak Tracking Total 7 | . 7 4 Tactical Retreats 3 | . 1 2 Traps | -11 -10 -10 ------- Run | Yrd Mat Sub Traps Triggered . | . . . Indirectly . | . . . Trap Hack Attempts . | . . . Triggered . | . . . Disarmed . | . . . Reprogrammed . | . . . Reused . | . . . Traps Extracted . | . . . Installed . | . . . Triggered . | . . . Machines | -11 -10 -10 ---------- Run | Yrd Mat Sub Machines Disabled . | . . . Max in Single Turn . | . . . Machines Repaired . | . . . Machines Dismantled . | . . . Machines Sabotaged . | . . . Overloaded Fab Kills . | . . . Hacking | -11 -10 -10 --------- Run | Yrd Mat Sub Machines Accessed 2 | . 2 . Terminals 1 | . 1 . Fabricators . | . . . Repair Stations 1 | . 1 . Recycling Units . | . . . Scanalyzers . | . . . Garrison Access . | . . . Total Hacks 4 | . 4 . Successful 1 | . 1 . Failed 3 | . 3 . Catastrophic . | . . . Database Lockouts . | . . . Manual 2 | . 2 . Terminals 2 | . 2 . Fabricators . | . . . Repair Stations 2 | . 2 . Recycling Units . | . . . Scanalyzers . | . . . Garrison Access . | . . . Terminal Hacks 1 | . 1 . Robot Analysis 1 | . 1 . Fabricator Hacks . | . . . Repair Station Hacks . | . . . Recycling Unit Hacks . | . . . Scanalyzer . | . . . Garrison Access Hacks . | . . . Unauthorized Hacks . | . . . Terminals . | . . . Fabricators . | . . . Repair Stations . | . . . Recycling Units . | . . . Scanalyzers . | . . . Garrison Access . | . . . Data Cores Recovered . | . . . Used . | . . . Hacking Detections 2 | . 2 . Full Trace Events . | . . . Feedback Events . | . . . Feedback Blocked . | . . . Robot Schematics Acquired . | . . . Robots Built . | . . . Authchips . | . . . Time . | . . . Total Robot Build Rating . | . . . Part Schematics Acquired . | . . . Parts Built . | . . . Authchips . | . . . Time . | . . . Total Part Build Rating . | . . . Part Studies Acquired . | . . . Parts Repaired . | . . . Time . | . . . Parts Recycled . | . . . Recycled Matter . | . . . Retrieved Matter . | . . . Retrieved Components . | . . . Parts Scanalyzed . | . . . Part Schematics Acquired . | . . . Parts Damaged . | . . . Bothacking | -11 -10 -10 ------------ Run | Yrd Mat Sub Used RIF Installer . | . . . Robots Hacked . | . . . Non-combat . | . . . Combat . | . . . Robot Hacks Applied . | . . . Relay Couplers Released . | . . . Fabnet Peak Effective % . | . . . Robots Rewired . | . . . Allies Hacked . | . . . Hacks Repelled . | . . . Allies | -11 -10 -10 -------- Run | Yrd Mat Sub Total Allies . | . . . Largest Group . | . . . Highest-Rated Group . | . . . Highest-Rated Ally . | . . . Total Orders . | . . . Ally Attacks . | . . . Total Damage . | . . . Kills . | . . . Allies Corrupted . | . . . Allies Melted . | . . . Intel | -11 -10 -10 ------- Run | Yrd Mat Sub Active Infowar (turns) 1088 | . 285 803 Sensors 1088 | . 285 803 Robot Analysis Total 1 | . 1 . Derelict Logs Recovered 1 | . . 1 Drone Launches . | . . . Drone Recoveries . | . . . Exploration | -11 -10 -10 ------------- Run | Yrd Mat Sub Turns Passed 1213 | 119 291 803 Spaces Moved 843 | 71 206 566 Core 7 | 7 . . Treads . | . . . Legs 670 | 64 206 400 Wheels 166 | . . 166 Hover . | . . . Flight . | . . . Fastest Speed 50 | 50 120 110 Average Speed 118 | 122 120 117 Slowest Speed 200 | 200 120 190 Overloaded Moves . | . . . Propulsion Burnouts . | . . . Robots Hopped . | . . . Potential Cave-ins . | . . . Cave-ins Triggered . | . . . Exploration Rate (%) 23 | 4 25 40 Regions Visited 2 Branch Regions 1 Pre-discovered Areas . | . . . Known Exits Taken . | . . . Unknown Exits Taken 2 | 1 1 . Scrap Searched . | . . . Spaces Dug . | . . . Terrain Destroyed . | . . . Melee . | . . . Projectile . | . . . AOE . | . . . Terrain Rammed . | . . . Walls Destroyed . | . . . Machines Disabled . | . . . Actions | -11 -10 -10 --------- Run | Yrd Mat Sub Total 972 | 85 233 654 Wait 64 | . 16 48 Move 841 | 70 205 566 Hop . | . . . Pick Up 5 | 1 2 2 Fast Attach 10 | 6 1 3 Attach 3 | . . 3 Detach 1 | . . 1 Swap . | . . . Drop 1 | . . 1 Fire 47 | 8 9 30 Melee . | . . . Ram . | . . . Kick . | . . . Crush . | . . . Escape Stasis . | . . . Rewire . | . . . Trap . | . . . Miscellaneous . | . . . Route ------- -11/Scrapyard -10/Materials (discovered 2 exits: [*Mat] / [*Sub]) -10/Subcaves History --------- Turn | Location | Event 14 | -11/Scrapyard | Discovered new exit (range 16) 120 | -11/Scrapyard | Entered Materials 270 | -10/Materials | Discovered new exit (range 16) 318 | -10/Materials | Build established: Mutant 405 | -10/Materials | Discovered new exit (range 7) 411 | -10/Materials | Entered Subcaves 415 | -10/Subcaves | Learned 2 Materials zone layouts 527 | -10/Subcaves | Shifting Twisted Machinery released Piercing Trap 609 | -10/Subcaves | Shifting Twisted Machinery released Flamer 754 | -10/Subcaves | Core integrity fell below 50% 779 | -10/Subcaves | A swath of the cavern ceiling suddenly collapsed 933 | -10/Subcaves | A swath of the cavern ceiling suddenly collapsed 1016 | -10/Subcaves | Lost 3 parts (1p1n1w) 1211 | -10/Subcaves | Core integrity fell below 20% 1214 | -10/Subcaves | Destroyed by GD-N42(R) with Subdweller Beam Cannon Last Messages --------------- 00997_ Acquired Sub. Monowheel. Different forms of propulsion may not be used simultaneously, Aluminum Leg automatically deactivated. 01000_ Acquired Sub. Monowheel. 01002_ Acquired 30 matter. 01098_ O3-LVH(u) tweaks Twisted Machinery. 01110_ Sub. Monowheel shoots sparks and powers down. 01110_ O3-LVH(u) tweaks Twisted Machinery. 01111_ Dropped Broken Sub. Monowheel. 01129_ O3-LVH(u) tweaks Twisted Machinery. 01136_ Subatomizers dissect the Broken Sub. Monowheel. 01172_ HD-H95(R) emerges from the Twisted Machinery. 01196_ Med. Laser destroyed. 01200_ Flamer destroyed. 01208_ Sub. Machine Gun destroyed. 01210_ Sub. Power Source destroyed. Map ----- +----------------------------------------------------+ | ?????????????????????????????????????????????????? | | ?????????????????????????????????????????????????? | | ?????????????????????????????????????????????????? | | ?????????????????????????????????????????????????? | | ?????????????????????????????????????????????????? | | ?????????????????????????????????????????????????? | | ?????????????????? ??????????????????????????????? | | ?????????????????? ?#???????????????????????????? | | ??????????? ?????? ## ????????????????????????? | | ??????????? ???? $ # ???????????????????????? | | ???????????? ##?? #??#????????????????????? | | ??????????? #?# ## "????????????????????? | | ???????????? ## ?????????????????????? | | ???????????? ??????????????????????? | | ????????????? #???????????????????????? | | ?????????????? #??????????#?????????????? | | ??????????????# #????????## ?????????????? | | ?????????????## ?????????# ?????????????? | | ?????????????# #??????????# ?????????????? | | ?????????????# #???????????# ?????????????? | | ??????????????# ##??????????# ##???????????? | | ??????????????# #?????????## " ##??????????? | | ????????????### #??#######? " ##?????????? | | ???????????## #??# ## ### ##????????? | | ??????????## #### #? ##???#???? | | ??????????# ##@ #### ## ##??? | | ?????????# ## R # # #?? | | ?????????# ### R #????????? | | ?????????######## #????????? | | ??????????????# #### # ## ##???????? | | ??????????????# #### #### #???????? | | ??????????????## ## ## ##???????? | | ???????????????## #### ## ##???????? | | ????????????????# ##??## ## ## #???????? | | ????????????????## #?##??## # #???????? | | ????????????????## ## ##??# #???????? | | ???????????????## #??# ##???????? | | ?????????????### ##??## # #####???? | | ????????????## ### ##????#### ##??? | | ????????????# #?###????????## ###? | | ????????????# #?????????????## ## | | ???????????## #??????????????## # | | ???????????# ##???????????????# ! | | ??????????## ######??# ???????######%% | | ?????????## ## #??????## ?????### ## !!! | | ?????????# ##########?# ???## # | | ?????????# ##?## ### #??# ## | | ????????## #### #?# #?# ##### | | ????????# #??# ##### #####?# | | ????????# #??# #?## ##?????## | +----------------------------------------------------+ Best States ------------- Heat Dissipation 25 Energy Generation 15 Energy Capacity 250 Matter Stores 300 Matter Capacity 300 Sight Range 16 Robot Scan Range 14 Terrain Scan Density 10 Resistance: KI 20 Resistance: TH 20 Resistance: EX 20 Resistance: EM 20 Resistance: I 20 Resistance: S 20 Resistance: P 20 Evasion (%) 55 Offensive Hacking 10 Item Schematics ----------------- None Robot Schematics ------------------ None Fabricated ------------ Nothing Repaired ---------- Nothing Studied --------- None Alien Tech Used ----------------- None Achievements -------------- None Challenges ------------ None Game ------ Seed ThrusterDispersalRailgun Manual? 0 Play Time 00:09:12 Cumulative 25.8 hours Start 2026.09.07 @ 09:56:11 End 2026.09.07 @ 10:04:23 Sessions 1 Manual Loads 0 Difficulty Adventurer Special Mode None Game No. 40 Rogue 37 Adventurer 3 Explorer 0 Win Type - Total 0 Types 0/0/0/0/0/0/0/0/0/0 Lore% 21 Gallery% 24 Achievement% 23 Wizard Run 0 Options --------- Layout 1 ASCII 0 Keyboard 0 Movement Mouse Keybinds 0 Fullscreen 1 Font 48/Smallcaps Map View 50x35 Zoom Use 0% Tactical HUD 1 Map Filters NONE Filters NONE Steam 1 RUN: bf4be9e0-3f4f-4501-912f-a978afb3350d